Cogmind - Beta 15 @@@ ROGUE MODE // 2025.08.13 @ 13:12:03 Player: human Result: Destroyed by D-53 Grenadier with Mini Grenade Launcher Performance ------------- Evolutions (0) 0 Regions Visited (2) 400 Robots Destroyed (4) 20 Value Destroyed (31) 31 Prototype IDs (0) 0 Alien Tech Used (0) 0 Bonus (0) 0 TOTAL SCORE: 451 Bonus ------- None Cogmind --------- Core Integrity 0/250 Matter 226/300 Energy 100/100 System Corruption 12% Temperature Cool (0) Movement Treading (160) Location -10/Mines Parts ------- > --- POWER (1) -------- (None) > --- PROPULSION (2) --- Light Treads > --- UTILITY (2) ------ Small Storage Unit > --- WEAPON (2) ------- (None) > --- INVENTORY (8) ---- (None) Peak State ------------ > --- POWER ------------ Light Ion Engine > --- PROPULSION ------- Wheel Compact Wheel > --- UTILITY ---------- Small Storage Unit > --- WEAPON ----------- EM Pulse Gun EM Pulse Gun > --- INVENTORY -------- Ion Engine Light Treads Light Treads [Rating: 6] Favorites ----------- Power Light Ion Engine Engine Light Ion Engine Propulsion Wheel Treads Light Treads Wheel Wheel Utility Small Storage Unit Storage Small Storage Unit Weapon EM Pulse Gun Energy Gun EM Pulse Gun Ballistic Gun Light Assault Rifle Build | -11 -10 -10 ------- Run | Yrd Mat Min Slots Evolved . | . . . Power . | . . . Propulsion . | . . . Utility . | . . . Weapon . | . . . Parts Attached 11 | 6 . 5 Power 2 | 1 . 1 Engine 2 | 1 . 1 Core . | . . . Reactor . | . . . Propulsion 5 | 2 . 3 Treads 2 | . . 2 Leg . | . . . Wheel 3 | 2 . 1 Hover . | . . . Flight . | . . . Utility 1 | 1 . . Device . | . . . Storage 1 | 1 . . Processor . | . . . Hackware . | . . . Protection . | . . . Artifact . | . . . Weapon 3 | 2 . 1 Energy Gun 2 | 2 . . Energy Cannon . | . . . Ballistic Gun 1 | . . 1 Ballistic Cannon . | . . . Launcher . | . . . Special Weapon . | . . . Impact Weapon . | . . . Slashing Weapon . | . . . Piercing Weapon . | . . . Special Melee Weapon . | . . . Unidentified Prototypes . | . . . Parts Lost 9 | . . 9 Power 2 | . . 2 Propulsion 4 | . . 4 Utility . | . . . Weapon 3 | . . 3 Highest Loss Streak 9 | . . 9 To Critical Strikes . | . . . Average Backups 3 | 2 4 3 Power . | . 1 . Propulsion 2 | 1 2 2 Utility . | . . . Weapon . | . 1 . Tool/Special . | . . . Unused Backups . | . . . Power . | . . . Propulsion . | . . . Utility . | . . . Weapon . | . . . Tool/Special . | . . . Average Slot Usage (%) 75 | . 85 73 Engine 12 | . 14 12 Treads 1 | . . 2 Wheel 22 | . 28 21 Storage 14 | . 14 14 Energy Gun 19 | . 28 17 Ballistic Gun 3 | . . 4 Peak Build Rating 6 | 6 6 6 Average Rating 5 | 4 6 5 On Entrance 4 | . 6 6 Naked Turns . | . . . Heaviest Build 12 | 12 12 12 Greatest Support 40 | 26 26 40 Greatest Overweight (x) 1 | . . 1 Average Overweight (x) . | . . . Largest Inventory Capacity 8 | 8 8 8 Average Capacity 7 | 6 8 8 Most Carried 5 | 4 4 5 Average Carried 3 | 2 4 3 Final Capacity 8 | 8 8 8 Final Carried 4 | 4 4 . Class Distribution -------------------- 100% | Mutant Dominant Class ---------------- Mutant | -10/Materials Mutant | -10/Mines Resources | -11 -10 -10 ----------- Run | Yrd Mat Min Matter Collected 221 | 182 . 39 Remotely . | . . . Salvage Created 107 | . . 107 Parts 6 | . . 6 Haulers Intercepted . | . . . Recyclers Shooed 1 | . . 1 Parts Field Recycled . | . . . Retrieved Matter . | . . . Parts Self-Destructed . | . . . Prevented . | . . . Kills | -11 -10 -10 ------- Run | Yrd Mat Min Combat Hostiles Destroyed 5 | . . 5 Guns 5 | . . 5 Classes Destroyed 3 | . . 3 Worker 1 | . . 1 Swarmer 3 | . . 3 Assembled 2 | . . 2 Best Kill Streak 4 | . . 4 Combat Bots Only 3 | . . 3 Max Kills in Single Turn 1 | . . 1 Gunslinging . | . . . Exploded . | . . . Melee . | . . . Uniques/NPCs Destroyed . | . . . Combat | -11 -10 -10 -------- Run | Yrd Mat Min Hostile Shots Fired 56 | . . 56 Missed 17 | . . 17 Hits 39 | . . 39 Melee 12 | . . 12 Projectile 27 | . . 27 AOE 13 | . . 13 Damage Taken 1002 | . . 1002 Core 258 | . . 258 Absorbed by Shields . | . . . Core Remaining (%) 100 | 100 . . Volleys Fired 28 | . . 28 Largest 2 | . . 2 Hottest 80 | . . 80 Shots Fired 39 | . . 39 Gun 39 | . . 39 Cannon . | . . . Launcher . | . . . Special . | . . . Kinetic 18 | . . 18 Thermal . | . . . Explosive . | . . . Electromagnetic 21 | . . 21 Robot Hit Streak 6 | . . 6 Robot Miss Streak 4 | . . 4 Penetration Max . | . . . Secondary Targets 2 | . . 2 Max Gunslinging Chain 1 | . . 1 Shots Hit Robots 22 | . . 22 Core Hits 9 | . . 9 Critical Kills . | . . . Critical Parts Destroyed . | . . . Critical Strikes . | . . . Melee Attacks . | . . . Impact . | . . . Slashing . | . . . Piercing . | . . . Sneak Attacks . | . . . Combat Hostiles . | . . . Follow-up Attacks . | . . . Damage Inflicted 228 | . . 228 Guns 228 | . . 228 Cannons . | . . . Explosions . | . . . Melee . | . . . Ramming . | . . . Kinetic 95 | . . 95 Thermal . | . . . Explosive . | . . . Electromagnetic 133 | . . 133 Impact . | . . . Slashing . | . . . Piercing . | . . . Highest Corruption 12 | . . 12 Average Corruption 9 | . . 9 Corruption Purged . | . . . Corruption Blocked . | . . . Effects 3 | . . 3 Matter Fused 2 | . . 2 Alerts 1 | . . 1 Overload Shots . | . . . Overflow Damage . | . . . Projectiles . | . . . Explosions . | . . . Melee . | . . . Knockbacks . | . . . Impact . | . . . Kinetic . | . . . Secondary . | . . . Self-Inflicted Damage . | . . . Shots . | . . . Rammed . | . . . Targets Rammed . | . . . Kicked . | . . . Crushed . | . . . Highest Temperature 90 | . . 90 Average Temperature 31 | . . 31 Received Heat Transfer . | . . . Siege Activations . | . . . Martial Activations . | . . . Shielding Activations . | . . . Robots Disrupted . | . . . Combat Hostiles . | . . . Robots Corrupted . | . . . Combat Hostiles . | . . . Parts Fried . | . . . Impact Corruptions . | . . . Robots Melted . | . . . Combat Hostiles . | . . . Parts Melted . | . . . Heat Transferred . | . . . Parts Sabotaged . | . . . Parts Stolen . | . . . Parts Stripped . | . . . Power Chain Reactions . | . . . Alert | -11 -10 -10 ------- Run | Yrd Mat Min Maximum Alert Level . | . . . Low Security (%) 100 | 100 100 100 Level 1 . | . . . Level 2 . | . . . Level 3 . | . . . Level 4 . | . . . Level 5 . | . . . High Security . | . . . Max Security . | . . . Peak Influence 65 | . . 65 Initial . | . . . Average 15 | . . 23 Influence Increases 75 | . . 75 Destroy 0b10 Robot/C 60 | . . 60 Destroy 0b10 Robot/NC 5 | . . 5 Destroy Leader 10 | . . 10 Influence Decreases 75 | . . 75 Time Decay 50 | . . 50 Lost Part 25 | . . 25 Squads Dispatched . | . . . Investigation . | . . . Extermination . | . . . Reinforcement . | . . . Assault . | . . . Garrison . | . . . Intercept . | . . . Searches Triggered . | . . . Construction Impeded . | . . . Haulers Reinforced . | . . . Active Scanning Responses . | . . . Cargo Convoy Interrupts . | . . . Stealth | -11 -10 -10 --------- Run | Yrd Mat Min Distress Signals . | . . . Communications Jammed . | . . . Distress Signals . | . . . Times Spotted 19 | . . 19 Peak Tracking Total 7 | . . 7 Tactical Retreats 3 | . . 3 Traps | -11 -10 -10 ------- Run | Yrd Mat Min Traps Triggered . | . . . Indirectly . | . . . Trap Hack Attempts . | . . . Triggered . | . . . Disarmed . | . . . Reprogrammed . | . . . Reused . | . . . Traps Extracted . | . . . Installed . | . . . Triggered . | . . . Machines | -11 -10 -10 ---------- Run | Yrd Mat Min Machines Disabled . | . . . Max in Single Turn . | . . . Machines Repaired . | . . . Machines Dismantled . | . . . Machines Sabotaged . | . . . Overloaded Fab Kills . | . . . Hacking | -11 -10 -10 --------- Run | Yrd Mat Min Machines Accessed . | . . . Terminals . | . . . Fabricators . | . . . Repair Stations . | . . . Recycling Units . | . . . Scanalyzers . | . . . Garrison Access . | . . . Total Hacks . | . . . Successful . | . . . Failed . | . . . Catastrophic . | . . . Database Lockouts . | . . . Manual . | . . . Terminals . | . . . Fabricators . | . . . Repair Stations . | . . . Recycling Units . | . . . Scanalyzers . | . . . Garrison Access . | . . . Terminal Hacks . | . . . Fabricator Hacks . | . . . Repair Station Hacks . | . . . Recycling Unit Hacks . | . . . Scanalyzer . | . . . Garrison Access Hacks . | . . . Unauthorized Hacks . | . . . Terminals . | . . . Fabricators . | . . . Repair Stations . | . . . Recycling Units . | . . . Scanalyzers . | . . . Garrison Access . | . . . Data Cores Recovered . | . . . Used . | . . . Hacking Detections . | . . . Full Trace Events . | . . . Feedback Events . | . . . Feedback Blocked . | . . . Robot Schematics Acquired . | . . . Robots Built . | . . . Authchips . | . . . Time . | . . . Total Robot Build Rating . | . . . Part Schematics Acquired . | . . . Parts Built . | . . . Authchips . | . . . Time . | . . . Total Part Build Rating . | . . . Parts Repaired . | . . . Time . | . . . Parts Recycled . | . . . Recycled Matter . | . . . Retrieved Matter . | . . . Retrieved Components . | . . . Parts Scanalyzed . | . . . Part Schematics Acquired . | . . . Parts Damaged . | . . . Bothacking | -11 -10 -10 ------------ Run | Yrd Mat Min Used RIF Installer . | . . . Robots Hacked . | . . . Non-combat . | . . . Combat . | . . . Robot Hacks Applied . | . . . Relay Couplers Released . | . . . Fabnet Peak Effective % . | . . . Robots Rewired . | . . . Allies Hacked . | . . . Hacks Repelled . | . . . Allies | -11 -10 -10 -------- Run | Yrd Mat Min Total Allies . | . . . Largest Group . | . . . Highest-Rated Group . | . . . Highest-Rated Ally . | . . . Total Orders . | . . . Ally Attacks . | . . . Total Damage . | . . . Kills . | . . . Allies Corrupted . | . . . Allies Melted . | . . . Intel | -11 -10 -10 ------- Run | Yrd Mat Min Active Infowar (turns) . | . . . Robot Analysis Total . | . . . Derelict Logs Recovered . | . . . Drone Launches . | . . . Drone Recoveries . | . . . Exploration | -11 -10 -10 ------------- Run | Yrd Mat Min Turns Passed 284 | 58 41 185 Spaces Moved 211 | 51 46 114 Core 3 | 3 . . Treads 12 | . . 12 Legs . | . . . Wheels 196 | 48 46 102 Hover . | . . . Flight . | . . . Fastest Speed 50 | 50 90 90 Average Speed 93 | 88 90 97 Slowest Speed 160 | 100 90 160 Overloaded Moves . | . . . Propulsion Burnouts . | . . . Robots Hopped . | . . . Potential Cave-ins . | . . . Cave-ins Triggered . | . . . Exploration Rate (%) 17 | 3 13 35 Regions Visited 2 Branch Regions 1 Pre-discovered Areas . | . . . Known Exits Taken . | . . . Unknown Exits Taken 2 | 1 1 . Scrap Searched . | . . . Spaces Dug . | . . . Terrain Destroyed . | . . . Melee . | . . . Projectile . | . . . AOE . | . . . Terrain Rammed . | . . . Walls Destroyed . | . . . Machines Disabled . | . . . Actions | -11 -10 -10 --------- Run | Yrd Mat Min Total 258 | 60 45 153 Wait 5 | . . 5 Move 209 | 50 45 114 Hop . | . . . Pick Up 5 | 4 . 1 Fast Attach 6 | 6 . . Attach 5 | . . 5 Detach . | . . . Swap . | . . . Drop . | . . . Fire 28 | . . 28 Melee . | . . . Ram . | . . . Kick . | . . . Crush . | . . . Escape Stasis . | . . . Rewire . | . . . Trap . | . . . Miscellaneous . | . . . Route ------- -11/Scrapyard -10/Materials -10/Mines History --------- Turn | Location | Event 8 | -11/Scrapyard | Discovered new exit (range 15) 59 | -11/Scrapyard | Entered Materials 59 | -10/Materials | Discovered new exit (range 8) 100 | -10/Materials | Entered Mines 163 | -10/Mines | Assembled infested the area 168 | -10/Mines | Assisted by a Guerilla fighting off Assembled 230 | -10/Mines | System corruption reached 10% 280 | -10/Mines | Core integrity fell below 50% 285 | -10/Mines | Core integrity fell below 20% 285 | -10/Mines | Destroyed by D-53 Grenadier with Mini Grenade Launcher Last Messages --------------- 00260_ K-01 Serf collects debris. 00263_ System corrupted: Matter fused (-6). 00264_ K-01 Serf collects debris. 00268_ U-05 Engineer builds a Wall. 00270_ U-05 Engineer lays Concrete. 00271_ U-05 Engineer builds a Wall. 00272_ K-01 Serf collects debris. 00273_ The unstable cave ceiling collapses. 00273_ Ion Engine destroyed. 00274_ U-05 Engineer lays Concrete. 00275_ The unstable cave ceiling collapses. 00275_ U-05 Engineer lays Concrete. 00275_ U-05 Engineer destroyed. 00275_ Plasma Injector explodes. 00276_ U-05 Engineer lays Concrete. 00277_ Lgt. Assault Rifle destroyed. 00277_ Lgt. Treads destroyed. 00277_ U-05 Engineer destroyed. 00281_ as-12641 destroyed. 00282_ The unstable cave ceiling collapses. Map ----- +----------------------------------------------------+ | ?????????????????????????????????????????????????? | | ?????????????????????????????????????????????????? | | ?????????????????????????????????????????????????? | | ?????????????????????????????????????????????????? | | ?????????????????????????????????????????????????? | | ?????????????????????????????????????????????????? | | ?????????????????????????????????????????????????? | | ?????????????????????????????????????????????????? | | ?????????????????????????????????????????????????? | | ?????????????????????????????????????????????????? | | ?????????????????????????????????????????????????? | | ?????????????????????????????????????????????????? | | ????????????????????????????? #????????#????????? | | ????????????????????????????? #???????? ##??????? | | ????????????????????????????# ????????? ??????? | | ???????????????????????????# ?????????" ??????? | | ??????????????????????????# ?????????? ??????? | | ????????????????????????## ??????????# ??????? | | ????????????????????????# #??????????# #??????? | | ????????????????????????# ##????????? #??????? | | ??????????????????????### ##????????# #??????? | | ??#########??????????## #???????## #??????? | | ??# #??????????# #??????## ##?????? | | ??# #??????????# #??????# #?????? | | ??# #?????????## d #???????# ##????? | | ??# """ #?????????# @ ##?????## ###### | | ??# """ #?????????# d #?????# | | ??# """ #?????????## ##????# | | ??### #####??????????# #????#### ##### | | ????# #?????????????## a #???????## ##### | | ????#%#?????????????# ###??????## | | ?####[###??????????#; #??????# ###### | | ?# =%= =#?????????#; ###???# ##???## | | ?# """ #????????# ; % ##??# #?#### | | ?# """[#????????##; %##?# ### | | ?# """ #???????### =### ## | | ?# #??????## a=* = % | | ?### ####??????# r% #######[= | | ???# #?????????# % #?????##### | | ???# ########### #?????????# | | ???# #?????????# | | ???########### #????????/ | | ?????????????# ### #??????? / | | ?????????????# #?## #??????? # | | ?????????????# #??# ## ##??????!## | | ????????????? #??## #### ##??????##?# | | ????????????## #???# #??######??????????##### | | ????????????? ???## #???????????????????????# | | ????????????? ????# #???????????????????????? | | ????????????? ???? #???????????????????????? | +----------------------------------------------------+ Best States ------------- Heat Dissipation 25 Energy Generation 10 Energy Capacity 250 Matter Stores 266 Matter Capacity 300 Sight Range 16 Terrain Scan Density 10 Evasion (%) 42 Recoil Reduction 2 Item Schematics ----------------- None Robot Schematics ------------------ None Fabricated ------------ Nothing Repaired ---------- Nothing Alien Tech Used ----------------- None Achievements -------------- None Challenges ------------ None Game ------ Seed phaseminirigger Manual? 1 Play Time 00:05:30 Cumulative 300.6 hours Start 2025.08.13 @ 13:08:47 End 2025.08.13 @ 13:12:03 Sessions 1 Manual Loads 0 Difficulty Rogue Special Mode None Game No. 247 Rogue 247 Adventurer 0 Explorer 0 Win Type - Total 2 Types 2/0/0/0/0/0/0/0/0/0 Lore% 80 Gallery% 67 Achievement% 57 Wizard Run 0 Options --------- Layout 1 ASCII 0 Keyboard 0 Movement Mouse Keybinds 0 Fullscreen 1 Font 24/Smallcaps Map View 50x35 Zoom Use 0% Tactical HUD 1 Map Filters NONE Filters NONE Steam 1 RUN: b9d6ab80-3553-4bf4-b1f6-140210ebc2c2